 Dungeon Crawl Stone Soup version 0.23-a0-710-gaad00d04af (webtiles) character file.

107345 LLavrengius the Warrior (level 16, -8/125 HPs)
             Began as an Octopode Fighter on Jan 15, 2019.
             Was the Champion of Wu Jian.
             Mangled by a two-headed ogre
             ... wielding a +0 giant club
              (21 damage)
             ... on level 15 of the Dungeon.
             The game lasted 02:59:05 (25177 turns).

LLavrengius the Warrior (Octopode Fighter)         Turns: 25177, Time: 02:59:06

Health: -8/125     AC: 12    Str: 13    XL:     16   Next: 46%
Magic:  23/23      EV: 22    Int: 18    God:    Wu Jian [******]
Gold:   498        SH: 16    Dex: 17    Spells: 17/25 levels left

rFire    + + .     SeeInvis +   p - +4 short sword (venom)
rCold    + + .     Gourm    .   b - +0 shield {rF+}
rNeg     + + +     Faith    .   A - +2 hat {SInv}
rPois    +         Spirit   .   O - amulet "Muti" {Reflect rElec SH+3}
rElec    +         Reflect  +   R - +4 ring of protection
rCorr    .         Harm     .   x - ring of Phasing {EV+8}
MR       +....                  F - +2 ring of slaying
Stlth    +++++++...             z - ring "Ihumiam" {rF+ AC+5}
HPRegen  0.30/turn              G - +4 ring of dexterity
MPRegen  0.18/turn              t - ring of protection from cold
                                H - ring of stealth
                                V - ring of Lihao {rElec rC+ rN+++ Str-4 Int+4}

@: no status effects
A: almost no armour, stealthy swim, amphibious, 8 rings, constrict 8, tentacle
spike 1, camouflage 1, poison resistance, gelatinous body 1
a: Wall Jump, Serpent's Lash, Heavenly Storm, Renounce Religion


You were on level 15 of the Dungeon.
You worshipped Wu Jian.
Wu Jian was exalted by your worship.
You were very hungry.

You visited 4 branches of the dungeon, and saw 24 of its levels.
You also visited: Bailey and Gauntlet.

You collected 2589 gold pieces.
You spent 2091 gold pieces at shops.

Inventory:

Hand Weapons
 p - a +4 short sword of venom (weapon)
 L - the +4 falchion of Analysis {venom, *Drain rElec MR+ Int+2}
   (You found it on level 8 of the Dungeon)

   It poisons the flesh of those it strikes.
   It affects your intelligence (+2).
   It insulates you from electricity.
   It affects your resistance to hostile enchantments.
   It causes draining when unequipped.
 U - a +2 demon trident of electrocution
 W - a +2 falchion of holy wrath
 X - a +4 blowgun
Missiles
 M - a throwing net (quivered)
 Y - 9 curare-tipped needles
Armour
 b - a +0 shield of fire resistance (worn)
 A - a +2 hat of see invisible (worn)
Jewellery
 q - an uncursed ring of resist corrosion
 t - a ring of protection from cold (on tentacle)
 x - the ring of Phasing (right tentacle) {EV+8}
   (You found it on level 4 of the Dungeon)

   [ring of evasion]

   It affects your evasion (+8).
 z - the ring "Ihumiam" (on tentacle) {rF+ AC+5}
   (You bought it in a shop on level 10 of the Dungeon)

   [ring of protection]

   It affects your AC (+5).
   It protects you from fire.
 C - an uncursed ring of see invisible
 F - a +2 ring of slaying (on tentacle)
 G - a +4 ring of dexterity (on tentacle)
 H - a ring of stealth (on tentacle)
 K - an uncursed ring of flight
 O - the amulet "Muti" (around mantle) {Reflect rElec SH+3}
   (You found it on level 4 of the Lair of Beasts)

   [amulet of reflection]

   It shields you and reflects attacks.
   It insulates you from electricity.
   It affects your SH (+3).
 R - a +4 ring of protection (left tentacle)
 V - the ring of Lihao (on tentacle) {rElec rC+ rN+++ Str-4 Int+4}
   (You took it off a minotaur in a Gauntlet)

   [ring of protection from cold]

   It affects your strength (-4).
   It affects your intelligence (+4).
   It protects you from cold.
   It insulates you from electricity.
   It renders you almost immune to negative energy.
Wands
 y - a wand of disintegration (9)
 E - a wand of flame (31)
 N - a wand of digging (5)
 P - a wand of scattershot (4)
 Q - a wand of acid (19)
Scrolls
 e - 5 scrolls of enchant weapon
 f - 4 scrolls of blinking
 k - 6 scrolls of teleportation
 l - 7 scrolls of enchant armour
 B - 2 scrolls of magic mapping
 I - 6 scrolls of amnesia
 T - 12 scrolls of remove curse
 Z - 4 scrolls of identify
Potions
 a - a potion of cancellation
 c - a potion of might
 h - 4 potions of brilliance
 j - 2 potions of agility
 m - a potion of ambrosia
 n - 6 potions of magic
 o - 2 potions of flight
 r - 7 potions of mutation
 s - a potion of heal wounds
 u - 4 potions of resistance
 v - 6 potions of curing
 w - 3 potions of invisibility
 D - a potion of berserk rage
 J - 6 potions of haste
Miscellaneous
 g - a phantom mirror
 i - a lamp of fire
Comestibles
 d - 27 rations


   Skills:
 + Level 16.3 Fighting
 + Level 13.3 Short Blades
 - Level 3.0 Dodging
 - Level 10.0 Stealth
 - Level 14.6 Shields
 - Level 5.0 Spellcasting
 - Level 5.0 Hexes
 - Level 5.0 Summonings
 - Level 4.0 Ice Magic
 + Level 5.1 Evocations


You had 17 spell levels left.
You knew the following spells:

 Your Spells              Type           Power        Failure   Level  Hunger
a - Freeze                Ice            ###.         2%          1    None
b - Ozocubu's Armour      Chrm/Ice       ##......     19%         3    ##.....
c - Confusing Touch       Hex            ###...       1%          1    None
d - Summon Guardian Gole  Hex/Summ       ###.....     5%          3    ##.....

Your spell library contained the following spells:

 Spells                   Type           Power        Failure   Level  Hunger
 Corona                   Hex            ###....      1%          1    None
 Summon Small Mammal      Summ           ###.         1%          1    None
 Call Imp                 Summ           ###.....     2%          2    #......
 Ensorcelled Hibernation  Hex/Ice        ###...       3%          2    #......
 Call Canine Familiar     Summ           ###.....     5%          3    ##.....
 Confuse                  Hex            ###.....     5%          3    ##.....
 Tukima's Dance           Hex            ###.....     5%          3    ##.....
 Throw Frost              Conj/Ice       ##....       9%          2    #......
 Animate Skeleton         Necr           N/A          14%         1    None
 Apportation              Tloc           #.....       14%         1    None
 Infusion                 Chrm           #...         14%         1    None
 Dazzling Spray           Conj/Hex       ##....       14%         3    ##.....
 Spectral Weapon          Hex/Chrm       ##......     14%         3    ##.....
 Searing Ray              Conj           #.....       21%         2    #......
 Shroud of Golubria       Chrm/Tloc      #.........   21%         2    #......
 Song of Slaying          Chrm           #.......     21%         2    #......
 Summon Ice Beast         Ice/Summ       ###.....     22%         4    ####...
 Gell's Gravitas          Tloc           #.........   38%         3    ##.....
 Regeneration             Chrm/Necr      #.........   38%         3    ##.....
 Summon Lightning Spire   Summ/Air       ##......     43%         4    ####...
 Throw Icicle             Conj/Ice       ##......     52%         4    ####...
 Metabolic Englaciation   Hex/Ice        ###.......   52%         5    ######.
 Petrify                  Tmut/Erth      #.......     80%         4    ####...
 Sticky Flame             Conj/Fire      #.......     80%         4    ####...
 Yara's Violent Unravell  Hex/Tmut       ##........   80%         5    ######.
 Freezing Cloud           Conj/Ice/Air   #.........   100%        6    #######


Dungeon Overview and Level Annotations

Branches:
Dungeon (15/15)            Temple (1/1) D:5            Lair (6/6) D:8
 Shoals (0/4) Lair:3       Spider (0/4) Lair:2        Slime (0/5) Lair:6
    Orc (2/2) D:12            Elf (0/3) Orc:2        Vaults (0/5) D:14
 Depths: D:15

Altars:
Ashenzari
Cheibriados
Dithmenos
Elyvilon
Fedhas
Gozag
Hepliaklqana
Kikubaaqudgha
Makhleb
Nemelex Xobeh
Okawaru
Qazlal
Ru
Sif Muna
Trog
Uskayaw
Vehumet
Wu Jian
Xom
Yredelemnul
Zin
The Shining One
Beogh
Jiyva

Shops:
D:7 =   D:10 =   D:11 ?   D:14 ***   Orc:2 *[=}


Innate Abilities, Weirdness & Mutations

You cannot wear most types of armour.
You are very stealthy in the water. (Stealth+)
You are amphibious.
You can wear up to eight rings at the same time.
You can use your tentacles to constrict eight enemies at once.
Your skin changes colour to match your surroundings (Stealth+).
Your rubbery body absorbs attacks. (AC +1, EV +1)
One of your tentacles bears a spike.
Your system is resistant to poisons. (rPois)


Message History

The two-headed ogre is severely wounded.
You block the two-headed ogre's attack. The two-headed ogre closely misses you.
You spin and attack the two-headed ogre repeatedly.
You hit the two-headed ogre.
The two-headed ogre is poisoned.
The two-headed ogre is lightly wounded.
You hit the two-headed ogre.
The two-headed ogre looks as sick as possible!
The two-headed ogre is moderately wounded.
The two-headed ogre hits you with a +0 giant spiked club.
You block the two-headed ogre's attack.
You lunge at the two-headed ogre, in a flurry of attacks.
You puncture the two-headed ogre!
The two-headed ogre looks as sick as possible!
You squeeze the two-headed ogre.
You kill the two-headed ogre!
The Council accepts your kill.
The two-headed ogre hits you with a +0 giant club!!
* * * LOW HITPOINT WARNING * * *
The two-headed ogre hits you with a +0 giant spiked club!!
You die...

..##+## ######
#.....# #....#
+.....# +....#
#.....+ #....#
##.....##+##....#
#............O..#
+............)@.#
#......).....O..#
##......)........#
+...#'##.....#####
#...#..#.....#
#...#..+.....#
#...####.....#
##..##.######...
....#..# #.....#


You could see 2 two-headed ogres.

Vanquished Creatures
  Rupert (D:14)
  Frances (D:12)
  Agnes (D:15)
  An orc warlord (Bailey)
  A minotaur (Gauntlet)
  The ghost of Xuas the Slinger, a journeyman DgWn (Lair:3)
  A blizzard demon (Gauntlet)
  An ettin (D:14)
  Snorg (Lair:5)
  6 hydras
  An ice dragon (D:14)
  A vault guard (D:14)
  A centaur warrior (D:13)
  A death knight (D:15)
  2 ogre magi (D:15)
  2 death yaks (Lair:6)
  6 two-headed ogres
  A tengu warrior (D:14)
  13 spriggans (Lair:6)
  Sonja (D:12)
  A fire crab (Gauntlet)
  Nergalle (D:12)
  2 unseen horrors
  5 skeletal warriors (D:15)
  A wolf spider zombie (D:12)
  3 deep elf magi
  Pikel (D:8)
  6 orc knights
  4 lindwurms (Lair:6)
  2 orc sorcerers
  21 ugly things
  2 cyclopes
  6 elephants (Lair:5)
  4 manticores
  Maurice (Orc:1)
  2 gargoyles
  A torpor snail (Lair:6)
  A black mamba (Lair:3)
  3 spiny frogs
  6 komodo dragons
  An ice devil (Gauntlet)
  2 demonic crawlers (D:15)
  5 trolls
  A troll (shapeshifter) (D:14)
  3 meliai (D:13)
  4 polar bears
  7 hornets
  3 blink frogs (Lair:2)
  7 slime creatures
  6 hippogriffs
  A shadow (D:14)
  Sigmund (D:3)
  48 yaks
  A spriggan (shapeshifter) (D:15)
  A wyvern (D:14)
  3 fire bats (Gauntlet)
  2 wraiths (D:15)
  5 basilisks
  2 steam dragons
  6 vampire mosquitoes (D:15)
  2 hungry ghosts
  10 wargs
  Edmund (D:6)
  3 acid dragons
  A soldier ant (D:10)
  21 water moccasins
  Duvessa (D:4)
  3 large abominations (Gauntlet)
  11 porcupines
  45 orc warriors
  3 ice beasts
  13 ogres
  2 slaves (D:8)
  3 black bears (Lair:6)
  8 boggarts
  3 phantoms
  A necrophage (D:14)
  15 centaurs
  27 wolves
  7 crocodiles
  2 big kobolds (D:8)
  15 bullfrogs
  Dowan (D:4)
  3 small abominations (Gauntlet)
  3 scorpions
  61 killer bees
  6 electric eels
  9 howler monkeys
  5 crimson imps
  3 centaur zombies
  4 centaur skeletons
  8 orc priests
  11 hounds
  3 iguanas
  6 jellies
  2 bullfrog skeletons (D:6)
  21 orc wizards
  20 worker ants
  2 howler monkey skeletons
  10 adders
  2 gnolls
  5 shadow imps
  3 oozes (Lair:6)
  An adder zombie (D:8)
  5 worms
  4 dart slugs
  6 leopard geckos
  74 orcs
  8 giant cockroaches
  15 goblins
  11 hobgoblins
  15 jackals
  26 kobolds
  3 quokkas
  10 bats
  5 frilled lizards
  A goblin zombie (D:5)
  A jackal zombie (D:9)
  A quokka skeleton (D:6)
  9 rats
  A rat zombie (D:5)
  A spectral orc (D:7)
  2 butterflies (D:9)
  A plant (Lair:5)
811 creatures vanquished.

Vanquished Creatures (others)
  A centaur warrior (D:15)
  A boggart (Lair:6)
  A white imp (Gauntlet)
  A leopard gecko skeleton (D:8)
  4 fungi
  2 plants (Lair:3)
10 creatures vanquished.

Grand Total: 821 creatures vanquished

Notes
Turn   | Place    | Note
-------+----------+-------------------------------------------
     0 | D:1      | LLavrengius the Octopode Fighter began the quest for the
                  | Orb.
     0 | D:1      | Reached XP level 1. HP: 16/16 MP: 1/1
    17 | D:1      | Reached skill level 1 in Stealth
    59 | D:1      | Reached XP level 2. HP: 21/21 MP: 2/2
   475 | D:1      | Reached XP level 3. HP: 26/26 MP: 3/3
   812 | D:2      | Gained mutation: Your body sometimes deteriorates upon
                  | taking damage. [potion of mutation]
   812 | D:2      | Gained mutation: Your spells are a little harder to cast,
                  | but a little more powerful. [potion of mutation]
   843 | D:2      | Reached XP level 4. HP: 28/31 MP: 4/4
   968 | D:2      | Lost mutation: Your body sometimes deteriorates upon taking
                  | damage. [potion of mutation]
   968 | D:2      | Lost mutation: Your spells are a little harder to cast, but
                  | a little more powerful. [potion of mutation]
   968 | D:2      | Gained mutation: Your system is resistant to poisons.
                  | (rPois) [potion of mutation]
   968 | D:2      | Gained mutation: One of your tentacles bears a spike.
                  | [potion of mutation]
  1511 | D:3      | Noticed Sigmund
  1519 | D:3      | Killed Sigmund
  1519 | D:3      | Reached XP level 5. HP: 37/37 MP: 5/5
  1519 | D:3      | Reached XP level 6. HP: 43/43 MP: 6/6
  1648 | D:3      | Reached skill level 4 in Fighting
  1648 | D:3      | Reached skill level 5 in Short Blades
  2050 | D:3      | Reached XP level 7. HP: 49/49 MP: 7/7
  2679 | D:4      | Noticed Dowan
  2682 | D:4      | Noticed Duvessa
  2693 | D:4      | Killed Duvessa
  2699 | D:4      | Killed Dowan
  2815 | D:4      | Reached skill level 5 in Fighting
  3107 | D:4      | You fall through a shaft!
  3107 | D:5      | Entered Level 5 of the Dungeon
  3649 | D:5      | Found a staircase to the Ecumenical Temple.
  3662 | D:5      | Found a sand-covered staircase.
  3702 | Temple   | Entered the Ecumenical Temple
  3817 | Temple   | Became a worshipper of the Wu Jian Council
  3897 | D:4      | Found a burning altar of Makhleb.
  3897 | D:4      | Found a radiant altar of Vehumet.
  3904 | D:4      | Reached XP level 8. HP: 55/55 MP: 8/8
  3928 | D:4      | Found an iron altar of Okawaru.
  3928 | D:4      | Found an opulent altar of Gozag.
  3952 | D:4      | Found the ring of Phasing {EV+8}
  4001 | D:4      | You fall through a shaft!
  4475 | D:6      | Noticed Edmund
  4480 | D:6      | Killed Edmund
  4652 | D:6      | Reached skill level 6 in Fighting
  5280 | D:7      | Reached * piety under Wu Jian
  5479 | D:7      | Reached XP level 9. HP: 63/63 MP: 9/9
  5484 | D:7      | Noticed a white ugly thing
  5723 | D:7      | Found a hazy altar of Hepliaklqana.
  5728 | D:7      | Found Vudae's Jewellery Emporium.
  5741 | D:7      | Bought a +2 ring of slaying for 315 gold pieces
  5832 | D:7      | Found a basalt altar of Yredelemnul.
  5916 | D:7      | Killed a white ugly thing
  5916 | D:7      | Reached skill level 7 in Fighting
  6143 | D:7      | Learned a level 1 spell: Freeze
  6147 | D:7      | Learned a level 3 spell: Ozocubu's Armour
  6234 | D:8      | Noticed a troll
  6281 | D:8      | Killed a troll
  6281 | D:8      | Reached skill level 10 in Short Blades
  6281 | D:8      | Reached skill level 1 in Spellcasting
  6281 | D:8      | Reached skill level 1 in Ice Magic
  6602 | D:8      | Reached ** piety under Wu Jian
  6603 | D:8      | Found a staircase to the Lair.
  6719 | D:8      | Reached skill level 8 in Fighting
  6818 | D:8      | Found a stormy altar of Qazlal.
  6965 | D:8      | Noticed Pikel
  6981 | D:8      | Killed Pikel
  6981 | D:8      | Reached XP level 10. HP: 65/73 MP: 13/13
  7025 | D:8      | Got a faintly glowing falchion
  7375 | D:8      | Identified the +4 falchion of Analysis {venom, *Drain rElec
                  | MR+ Int+2} (You found it on level 8 of the Dungeon)
  7447 | D:9      | Reached skill level 9 in Fighting
  7654 | D:9      | Reached skill level 5 in Shields
  7699 | D:9      | Learned a level 1 spell: Confusing Touch
  7872 | D:9      | Found a shimmering altar of Xom.
  7985 | D:9      | Reached skill level 1 in Hexes
  8052 | D:9      | Reached *** piety under Wu Jian
  8165 | D:10     | Entered Level 10 of the Dungeon
  8165 | D:10     | Noticed a manticore
  8166 | D:10     | Killed a manticore
  8388 | D:10     | Noticed a gargoyle
  8392 | D:10     | Killed a gargoyle
  8430 | D:10     | Reached XP level 11. HP: 80/80 MP: 17/17
  8444 | D:10     | Found an ancient bone altar of Kikubaaqudgha.
  8554 | D:10     | Found Nigemnasm's Jewellery Shoppe.
  8565 | D:10     | Bought a cursed +2 ring of protection for 77 gold pieces
  8700 | D:11     | Found Ysungoc's Magic Scroll Boutique.
  8832 | D:11     | Reached skill level 5 in Stealth
  8851 | D:11     | Found a flagged portal.
  8860 | Bailey   | Entered a bailey
  8887 | Bailey   | Noticed an orc warlord
  8976 | Bailey   | Reached **** piety under Wu Jian
  9000 | Bailey   | Noticed an orc knight
  9030 | Bailey   | Killed an orc knight
  9062 | Bailey   | Found a runed gate.
  9063 | Bailey   | Found a runed gate.
  9064 | Bailey   | Found a runed gate.
  9246 | Bailey   | Killed an orc warlord
  9246 | Bailey   | Reached skill level 10 in Fighting
  9413 | Bailey   | Reached XP level 12. HP: 87/87 MP: 18/18
 10117 | D:12     | Noticed Nergalle
 10121 | D:12     | Noticed Sonja
 10144 | D:12     | Killed Sonja
 10159 | D:12     | Killed Nergalle
 10313 | D:12     | Reached skill level 5 in Hexes
 10401 | D:12     | Found a staircase to the Orcish Mines.
 10441 | D:12     | Reached skill level 11 in Fighting
 10447 | D:12     | Reached XP level 13. HP: 95/95 MP: 19/19
 10682 | D:12     | Noticed Frances
 10805 | Lair:1   | Entered Level 1 of the Lair of Beasts
 11913 | Lair:2   | Found a hole to the Spider Nest.
 12339 | Lair:2   | Reached skill level 12 in Fighting
 12644 | Lair:3   | Found a runed door.
 12645 | Lair:3   | Noticed Xuas's ghost (journeyman DgWn)
 12854 | Lair:3   | Found a staircase to the Shoals.
 12867 | Lair:3   | Reached ***** piety under Wu Jian
 13567 | Lair:3   | Killed Xuas's ghost
 13575 | Lair:3   | Got a pitted short sword
 13576 | Lair:3   | Identified the cursed +2 short sword "Bemni Katu" {flame,
                  | +Blink} (You found it on level 3 of the Lair of Beasts)
 13947 | Lair:3   | Identified a scroll of acquirement
 14134 | Lair:4   | Got a pitted graven amulet
 14135 | Lair:4   | Identified the amulet "Muti" {Reflect rElec SH+3} (You
                  | found it on level 4 of the Lair of Beasts)
 14971 | Lair:5   | Noticed Snorg
 14975 | Lair:5   | Killed Snorg
 14975 | Lair:5   | Reached skill level 13 in Fighting
 15020 | Lair:5   | Reached ****** piety under Wu Jian
 15026 | Lair:5   | Reached XP level 14. HP: 106/106 MP: 20/20
 15507 | Lair:5   | You fall through a shaft!
 15507 | Lair:6   | Entered Level 6 of the Lair of Beasts
 15541 | Lair:6   | Paralysed by a hornet for 2 turns
 15565 | Lair:6   | Found a runed door.
 15571 | Lair:6   | Found a viscous altar of Jiyva.
 15818 | Lair:5   | Reached skill level 14 in Fighting
 16640 | Lair:6   | Found a staircase to the Slime Pits.
 17522 | Lair:6   | Reached skill level 5 in Spellcasting
 17954 | D:12     | Killed Frances
 18536 | Orc:1    | Entered Level 1 of the Orcish Mines
 18550 | Orc:1    | Reached skill level 10 in Stealth
 18664 | Orc:1    | Noticed Maurice
 18690 | Orc:1    | Killed Maurice
 18690 | Orc:1    | Reached XP level 15. HP: 100/114 MP: 22/22
 18930 | Orc:2    | Entered Level 2 of the Orcish Mines
 18930 | Orc:2    | Found a gate leading to a gauntlet.
 18952 | Gauntlet | Entered a Gauntlet
 18952 | Gauntlet | Found a transporter.
 18952 | Gauntlet | Found a transporter.
 18957 | Gauntlet | Found a transporter.
 18972 | Gauntlet | Found a transporter.
 18988 | Gauntlet | Found a transporter.
 18988 | Gauntlet | Identified the ring "Bidod" {Fire rPois Str+3}
 19003 | Gauntlet | Found a transporter.
 19088 | Gauntlet | Found a transporter.
 19111 | Gauntlet | Found a transporter.
 19111 | Gauntlet | Found a transporter.
 19124 | Gauntlet | Found a transporter.
 19423 | Gauntlet | Found a transporter.
 19424 | Gauntlet | Found a transporter.
 19432 | Gauntlet | Found a transporter.
 19435 | Gauntlet | Found a transporter.
 19872 | Gauntlet | Identified the ring of Lihao {rElec rC+ rN+++ Str-4 Int+4}
 19896 | Gauntlet | Identified the Grimoire of Congealing Blows and Bruises
 20038 | Orc:2    | Found a staircase to the Elven Halls.
 20164 | Orc:2    | Reached skill level 15 in Fighting
 20505 | Orc:2    | Found Vyutes's Antique Armour Shoppe.
 20505 | Orc:2    | Found Byebiyc's General Store.
 20914 | Orc:2    | Found a roughly hewn altar of Beogh.
 21006 | Orc:2    | Found Yviunt's Gadget Shoppe.
 21022 | Orc:2    | Found Naemibeneang's Jewellery Shop.
 21103 | Orc:2    | Bought 2 potions of curing for 60 gold pieces
 21103 | Orc:2    | Bought a potion of curing for 30 gold pieces
 21103 | Orc:2    | Bought a potion of haste for 100 gold pieces
 21486 | D:10     | Bought the ring "Ihumiam" {rF+ AC+5} for 759 gold pieces
 21486 | D:10     | Bought a +2 ring of intelligence for 82 gold pieces
 21912 | D:13     | Learned a level 3 spell: Summon Guardian Golem
 22308 | D:13     | Reached skill level 1 in Summonings
 22616 | D:11     | Bought a scroll of brand weapon for 280 gold pieces
 23094 | D:14     | Found a gate to the Vaults.
 23168 | D:14     | Found Izarghi's General Store.
 23193 | D:14     | Bought a scroll of magic mapping for 38 gold pieces
 23208 | D:14     | Found an opulent altar of Gozag.
 23246 | D:14     | Found Uludorag's Assorted Antiques.
 23257 | D:14     | Bought a blackened glass wand for 140 gold pieces
 23451 | D:14     | Found Malodeodgh's Assorted Antiques.
 23458 | D:14     | Bought an embroidered hat for 210 gold pieces
 23472 | D:14     | Found a shadowy altar of Dithmenos.
 23788 | D:14     | Reached skill level 1 in Evocations
 23860 | D:15     | Entered Level 15 of the Dungeon
 23880 | D:15     | Noticed Rupert
 23928 | D:14     | Paralysed by Rupert for 3 turns
 23938 | D:14     | Killed Rupert
 23938 | D:14     | Reached XP level 16. HP: 40/124 MP: 23/23
 24337 | D:15     | Reached skill level 16 in Fighting
 24351 | D:15     | Reached skill level 5 in Summonings
 24729 | D:15     | Noticed Agnes
 24739 | D:15     | Killed Agnes
 24940 | D:15     | Reached skill level 5 in Evocations
 25177 | D:15     | Mangled by a two-headed ogre

Vault maps used:
D:1:      mainiacjoe_arrival_reflecting_pool
D:3:      first_ration, minmay_misc_feat_chi, uniq_sigmund
D:4:      grunt_temple_overflow_lords_of_destruction,
          amethyst_overflow_temple_binary, uniq_duvessa
D:5:      temple_green, enter_ossuary_4
D:6:      uniq_edmund
D:7:      yredelemnul_forgotten_temple_becter, overflow_temple_1_default,
          serial_shops, shop
D:8:      erik_lair_island, blue_anna_alchemist,
          nicolae_qazlal_general_emergency, uniq_pikel
D:9:      xom_butterflies, serial_glass, glass_columns_a, glass_columns_b
D:10:     basic_altar, minmay_misc_feat_enclosed,
          minmay_shop_enchanted_jewellery, chequers_serial_rivers_large_a
D:11:     enter_bailey_6, serial_shops, shop
D:12:     orc_0_dummy, uniq_nergalle, uniq_sonja, uniq_frances
D:14:     david_vaults_4, serial_shops, shop, nicolae_shop_window_shopping,
          shop, nicolae_dithmenos_through_a_glass_darkly,
          grunt_gozag_breadcrumbs
D:15:     grunt_enter_depths_snipers, corexii_corridor_pit,
          einodemon_crawler_minivault, uniq_agnes, uniq_rupert
Temple:   regret_index_temple_waves
Lair:1:   disabler_island
Lair:2:   dummy_spider_entry
Lair:3:   wad_woods_minihive, minmay_shoals_entry_centaurs,
          gammafunk_ghost_grave
Lair:5:   lemuel_fruit_fields, serial_bayou_shore_a, serial_bayou_shore_b,
          uniq_snorg
Lair:6:   minmay_lair_end_enchanted_forest, slime_altar_2, minmay_lindwurm_lava
Orc:1:    uniq_maurice
Orc:2:    st_orc_town, gauntlet_entry_generic
Bailey:   bailey_axe_bossmonster_kennysheep, bailey
Gauntlet: gammafunk_gauntlet_branching

Skill      XL: |  1  2  3  4  5  6  7  8  9 10 11 12 13 14 15 16 |
---------------+-------------------------------------------------+-----
Stealth        | 1 3 4 6 8 10 | 10.0
Short Blades   | 4 5 7 9 10 12 13 | 13.3
Fighting       | 4 5 6 8 9 10 11 13 14 15 16 | 16.3
Spellcasting   | 2 4 5 |  5.0
Ice Magic      | 4 |  4.0
Shields        | 6 11 13 14 | 14.6
Hexes          | 3 4 5 |  5.0
Summonings     | 4 5 |  5.0
Evocations     | 1 5 |  5.1
Dodging        | |  3.0

Action                   |  1- 3 |  4- 6 |  7- 9 | 10-12 | 13-15 | 16-18 || total
-------------------------+-------+-------+-------+-------+-------+-------++-------
Melee: Rapier            |    46 |       |       |       |       |       ||    46
       Tentacles         |     7 |    15 |    62 |   106 |   478 |    88 ||   756
       Constrict         |    10 |    18 |    44 |    69 |   284 |    44 ||   469
       Dagger            |     4 |    60 |   256 |   379 |   791 |       ||  1490
       Kick              |       |    14 |   110 |   161 |   716 |   116 ||  1117
       Short sword       |       |       |       |       |  1076 |   271 ||  1347
       Falchion          |       |       |       |       |    23 |    27 ||    50
Throw: Javelin           |       |       |       |    12 |     1 |       ||    13
 Cast: Confusing Touch   |       |       |       |     1 |    11 |       ||    12
       Ozocubu's Armour  |       |       |       |       |     1 |       ||     1
Invok: Lunge             |       |       |    24 |    67 |   192 |    18 ||   301
       Whirlwind         |       |       |    11 |    45 |   451 |    70 ||   577
       Serpent's Lash    |       |       |       |       |     1 |       ||     1
 Abil: Wall Jump         |       |       |       |     1 |       |       ||     1
Evoke: Wand              |       |       |       |       |     4 |       ||     4
  Use: Potion            |     4 |     1 |     1 |     1 |     7 |       ||    14
       Scroll            |       |       |    10 |    12 |    22 |       ||    44
 Stab: Sleeping          |    16 |    12 |    21 |    29 |    77 |     5 ||   160
       Distracted        |       |       |     1 |     1 |     9 |     2 ||    13
       Confused          |       |       |       |       |     5 |       ||     5
       Invisible         |       |       |       |       |     3 |       ||     3
  Eat: Chunk             |       |     3 |    12 |    12 |    31 |     1 ||    59
       Ration            |       |       |     1 |       |     4 |     1 ||     6
Armor: Skin              |     3 |     1 |     8 |     8 |    46 |    13 ||    79
Dodge: Dodged            |    15 |    14 |    81 |    75 |   452 |    62 ||   699
Block: Shield            |    11 |    19 |    44 |    94 |   630 |   117 ||   915
       Reflection        |       |       |       |       |     6 |     5 ||    11
       Rpst.: Falchion   |       |       |       |       |       |     5 ||     5

Table legend:
 A = Non-vault XP
 B = Vault XP
 C = Vault XP percentage of total XP
 D = Non-vault monster count
 E = Vault monster count
 F = Vault count percentage of total count
                 A         B        C        D         E       F
            +---------+---------+-------+---------+---------+-------
      Total |   93554 |   48739 |  34.3 |     570 |     239 |  29.5
            +---------+---------+-------+---------+---------+-------
        D:1 |      63 |       0 |   0.0 |      25 |       0 |   0.0
        D:2 |      50 |       0 |   0.0 |      25 |       0 |   0.0
        D:3 |     329 |     220 |  40.1 |      30 |       1 |   3.2
        D:4 |     257 |     275 |  51.7 |      13 |       3 |  18.8
        D:5 |      21 |       2 |   8.7 |       5 |       2 |  28.6
        D:6 |     542 |     164 |  23.2 |      17 |       1 |   5.6
        D:7 |    1255 |       1 |   0.1 |      24 |       1 |   4.0
        D:8 |     777 |    1571 |  66.9 |      17 |      11 |  39.3
        D:9 |    1858 |       0 |   0.0 |      22 |       0 |   0.0
       D:10 |    2389 |       0 |   0.0 |      22 |       0 |   0.0
       D:11 |    4331 |       0 |   0.0 |      28 |       0 |   0.0
       D:12 |    5957 |    3956 |  39.9 |      33 |       3 |   8.3
       D:13 |    4669 |       0 |   0.0 |      28 |       0 |   0.0
       D:14 |   15856 |    6087 |  27.7 |      51 |       4 |   7.3
       D:15 |   20802 |    3449 |  14.2 |      46 |       6 |  11.5
     Lair:1 |    2898 |     352 |  10.8 |      16 |       4 |  20.0
     Lair:2 |    3425 |      66 |   1.9 |      12 |       1 |   7.7
     Lair:3 |    5559 |    4305 |  43.6 |      26 |      49 |  65.3
     Lair:4 |    1808 |       0 |   0.0 |       8 |       0 |   0.0
     Lair:5 |    8574 |    1095 |  11.3 |      25 |       1 |   3.8
     Lair:6 |    7179 |   11616 |  61.8 |      28 |      54 |  65.9
      Orc:1 |    3252 |     493 |  13.2 |      43 |       1 |   2.3
      Orc:2 |    1703 |    7484 |  81.5 |      26 |      56 |  68.3
     Bailey |       0 |    2793 | 100.0 |       0 |      27 | 100.0
   Gauntlet |       0 |    4810 | 100.0 |       0 |      14 | 100.0
            +---------+---------+-------+---------+---------+-------
